 Dungeon Crawl Stone Soup version 0.21.1-1-g345015f (webtiles) character file.

390 letownia2 the Skirmisher (level 6, 50/50 HPs)
             Began as a Merfolk Skald on Mar 13, 2018.
             Quit the game on level 2 of the Dungeon.
             The game lasted 00:12:10 (2212 turns).

letownia2 the Skirmisher (Merfolk Skald)            Turns: 2212, Time: 00:12:11

Health: 50/50      AC:  3    Str: 11    XL:     6   Next: 80%
Magic:  9/9        EV: 12    Int: 14    God:
Gold:   204        SH:  4    Dex: 14    Spells: 0/9 levels left

rFire    . . .     SeeInvis .   a - +4 dagger (venom)
rCold    . . .     Gourm    .   (no shield)
rNeg     . . .     Faith    .   o - +0 leather armour
rPois    .         Spirit   .   (no helmet)
rElec    .         Reflect  +   (no cloak)
rCorr    .         Harm     .   (no gloves)
MR       .....                  (no boots)
Stlth    +.........             g - +4 amulet of reflection
HPRegen  0.16/turn              q - ring of wizardry
MPRegen  0.11/turn              (no ring)

@: no status effects
A: change form in water, swift swim, stealthy swim
a: no special abilities


You were on level 2 of the Dungeon.
You were not hungry.

You visited 2 branches of the dungeon, and saw 6 of its levels.

You collected 238 gold pieces.
You spent 34 gold pieces at shops.

Inventory:

Hand Weapons
 a - a +4 dagger of venom (weapon)
 b - a +0 spear
 s - a +1 dagger of pain
 t - a +4 falchion
Missiles
 h - 24 sling bullets
 v - 8 silver javelins (quivered)
Armour
 n - a cursed +0 ring mail
 o - a +0 leather armour (worn)
 r - a +0 chain mail
Jewellery
 g - a +4 amulet of reflection (around neck)
 q - a ring of wizardry (left hand)
 x - an uncursed ring of poison resistance {unknown}
Scrolls
 f - 4 scrolls of identify
 i - a scroll of random uselessness {unknown}
 j - 2 scrolls of amnesia {unknown}
 k - a scroll of noise {unknown}
 l - a scroll of teleportation {unknown}
 p - a scroll of blinking {unknown}
 u - a scroll of fear {unknown}
 w - 2 scrolls of remove curse {unknown}
 y - a scroll of fog {unknown}
Potions
 e - 2 potions of curing
 m - 2 potions of heal wounds
Books
 c - a book of Battle

   Spells                             Type                      Level
   a - Infusion                       Charms                       1
   b - Shroud of Golubria             Charms/Translocation         2
   c - Song of Slaying                Charms                       2
   d - Spectral Weapon                Hexes/Charms                 3
   e - Regeneration                   Charms/Necromancy            3
Comestibles
 d - 8 rations
 z - 3 chunks of flesh


   Skills:
 + Level 4.9 Fighting
 - Level 4.5 Polearms
 - Level 0.6 Armour
 - Level 2.6 Dodging
 - Level 2.0 Spellcasting
 - Level 2.0 Hexes
 - Level 4.5 Charms
 - Level 1.0 Necromancy
 - Level 1.7 Translocations


You couldn't memorise any spells.
You knew the following spells:

 Your Spells              Type           Power        Failure   Level  Hunger
a - Infusion              Chrm           ##..         1%          1    ##.....
g - Regeneration          Chrm/Necr      #.........   12%         3    ####...
t - Shroud of Golubria    Chrm/Tloc      ##........   5%          2    ###....
x - Spectral Weapon       Hex/Chrm       ##......     10%         3    ####...


Dungeon Overview and Level Annotations

Branches:
Dungeon (5/15)             Temple (1/1) D:4

Altars:
Ashenzari
Elyvilon
Kikubaaqudgha
Makhleb
Nemelex Xobeh
Qazlal
Ru
Sif Muna
Trog
Uskayaw
Wu Jian
Zin

Shops:
D:4 *%(=!


Message History

This raw flesh tastes terrible.
Key pressed, stopping explore.
Things that are here:
a ring mail; a dagger
There is a stone staircase leading down here.
A rat comes into view.
Unknown command.
You hit the rat.
You kill the rat!
No target in view!
No target in view!
No target in view!
No target in view!
No target in view!
No target in view!
No target in view!
No target in view!
No target in view!
No target in view!
Are you sure you want to abandon this character and quit the game? (Confirm with "yes".)

### ##################### #.
..# #.................... #.
#.####..†@.......#########
#.## ###......#########.# #
#... ...... #.# ###### #..#
#..# #.# #..... #..#
##..########## #.# #.#### #..#
#............####.####.# #
#..####...#######............#
# #.........# #..####.###### #
##.#....#.# #..# #.# #


There were no monsters in sight!

Vanquished Creatures
  5 orc priests
  2 orc wizards (D:4)
  Terence (D:3)
  A hound skeleton (D:3)
  4 gnolls (D:3)
  3 adders (D:3)
  An ooze (D:3)
  2 worms
  2 dart slugs (D:1)
  3 leopard geckos
  11 orcs
  2 ball pythons
  3 bats
  5 goblins
  6 hobgoblins
  4 quokkas
  3 frilled lizards
  7 kobolds
  5 rats
70 creatures vanquished.

Vanquished Creatures (others)
  2 spectral weapons (D:3)
2 creatures vanquished.

Grand Total: 72 creatures vanquished

Notes
Turn   | Place    | Note
-------+----------+-------------------------------------------
     0 | D:1      | letownia2 the Merfolk Skald began the quest for the Orb.
     0 | D:1      | Reached XP level 1. HP: 16/16 MP: 3/3
   168 | D:2      | Reached XP level 2. HP: 21/22 MP: 1/5
   176 | D:2      | Learned a level 2 spell: Shroud of Golubria
   284 | D:3      | Reached skill level 1 in Translocations
   284 | D:3      | Reached XP level 3. HP: 24/27 MP: 3/6
   306 | D:3      | Learned a level 3 spell: Spectral Weapon
   371 | D:2      | Noticed Terence
   464 | D:2      | Found a sparkling altar of Nemelex Xobeh.
   637 | D:4      | Found Juxtul's Jewellery Emporium.
   715 | D:4      | Found a staircase to the Ecumenical Temple.
   725 | D:3      | Reached skill level 1 in Hexes
   725 | D:3      | Reached XP level 4. HP: 23/33 MP: 2/7
   843 | D:3      | Reached XP level 5. HP: 26/38 MP: 6/8
   988 | D:4      | Found Puzur's General Store.
   997 | D:4      | Bought a scroll of identify for 20 gold pieces
  1038 | D:5      | Entered Level 5 of the Dungeon
  1052 | D:4      | Found Edezun's Food Shop.
  1110 | D:4      | Found Ygymiemaott's Distillery.
  1148 | D:4      | Reached XP level 6. HP: 33/47 MP: 4/9
  1165 | D:4      | Learned a level 3 spell: Regeneration
  1173 | D:4      | Found Huci's Weapon Emporium.
  1277 | Temple   | Entered the Ecumenical Temple
  1425 | D:4      | Reached skill level 1 in Necromancy
  1436 | D:4      | Bought a potion of degeneration for 14 gold pieces
  1476 | D:3      | Killed Terence
  1678 | D:3      | Found a deep blue altar of Sif Muna.
  2212 | D:2      | Quit the game

Skill      XL: |  1  2  3  4  5  6 |
---------------+-------------------+-----
Polearms       | 4 |  4.5
Translocations | 1 |  1.7
Hexes          | 1 2 |  2.0
Charms         | 4 |  4.5
Fighting       | 3 4 |  4.9
Necromancy     | 1 |  1.0
Armour         | |  0.6
Dodging        | |  2.6
Spellcasting   | |  2.0

Action                   |  1- 3 |  4- 6 || total
-------------------------+-------+-------++-------
Melee: Spear             |   108 |    56 ||   164
       Dagger            |       |    89 ||    89
 Cast: Infusion          |     5 |       ||     5
       Shroud of Golubri |    11 |    16 ||    27
       Spectral Weapon   |     3 |     8 ||    11
  Use: Potion            |     4 |       ||     4
       Scroll            |       |     1 ||     1
  Eat: Chunk             |     1 |     8 ||     9
Armor: Leather armour    |     6 |    15 ||    21
       Skin              |     6 |     7 ||    13
Dodge: Dodged            |    52 |    43 ||    95
Block: Other             |     6 |    14 ||    20
